 Dungeon Crawl Stone Soup version 0.27-a0-323-gbd089401bb (webtiles) character file.

Game seed: 12590925328298588362

31 dickylongcocking the Poker (level 3, 0/29 HPs)
             Began as a Merfolk Monk on Feb 11, 2021.
             Slain by Purgy (5 damage)
             ... on level 3 of the Dungeon.
             The game lasted 00:01:18 (1700 turns).

dickylongcocking the Poker (Merfolk Monk)           Turns: 1700, Time: 00:01:19

Health: 0/29       AC:  3    Str: 12    XL:     3   Next: 22%
Magic:  3/3        EV: 13    Int:  9    God:
Gold:   65         SH:  0    Dex: 16    Spells: 2/2 levels left

rFire    . . .     SeeInvis .   a - +0 spear
rCold    . . .     Faith    .   (no shield)
rNeg     . . .     Spirit   .   h - +0 leather armour
rPois    .         Reflect  .   (no helmet)
rElec    .         Harm     .   (no cloak)
rCorr    .         Rampage  .   (no gloves)
Will     .....                  (no boots)
Stlth    ++........             (no amulet)
HPRegen  0.09/turn              (no ring)
MPRegen  0.08/turn              (no ring)

@: no status effects
A: change form in water, swift swim, stealthy swim
a: no special abilities


You were on level 3 of the Dungeon.
You visited 1 branch of the dungeon, and saw 3 of its levels.

You collected 65 gold pieces.

Inventory:

Hand Weapons
 a - a +0 spear (weapon)
Armour
 b - a +0 robe
 h - a +0 leather armour (worn)
Jewellery
 f - a ring of magical power {unknown}
Scrolls
 c - a scroll of fog
Potions
 e - a potion of resistance {unknown}


   Skills:
 - Level 3.2 Fighting
 * Level 6.2 Polearms
 - Level 4.0 Dodging
 - Level 2.1 Stealth


You had 2 spell levels left.
You didn't know any spells.
Your spell library was empty.

Dungeon Overview and Level Annotations

Branches:
Dungeon (2/15)

Altars:
Kikubaaqudgha

Annotations:
D:3 Purgy, Terence


Message History

c - a scroll of fog Purgy bites you.
Purgy barely misses you. Purgy claws you.
Purgy snarls, "My home!
Leave!"
Purgy bites you. Purgy claws you. x2
A quokka comes into view.
A goblin comes into view. It is wielding a +0 dagger.
The helpless goblin fails to defend itself.
You hit the goblin.
The goblin is moderately wounded.
The goblin hits you with a +0 dagger. Purgy bites you. Purgy claws you. x2
You hit the goblin.
You kill the goblin!
Purgy bites you.
* * * LOW HITPOINT WARNING * * *
Purgy claws you.
* * * LOW HITPOINT WARNING * * *
Purgy claws you.
* * * LOW HITPOINT WARNING * * *
Unknown command.
Things that are here:
a +0 dagger; a goblin corpse
Found 13 gold pieces.
You see here 13 gold pieces.
Purgy snarls, "Go!
Away!"
A gnoll comes into view. It is wielding a +0 halberd.
The gnoll shouts!
The gnoll throws a throwing net.
The throwing net misses you.
You see here a throwing net.
A gnoll comes into view. It is wielding a +0 spear.
The gnoll throws a throwing net.
The throwing net closely misses you.
You see here a throwing net.
Found a plate armour.
Purgy clenches his teeth.
You see here a plate armour.
Purgy snarls, "My home!
Leave!"
Found a stone staircase leading down.
Purgy snarls, "My home!
Leave!"
There is a stone staircase leading down here.
Purgy bites you.
You die...

#########.####
#.
gg......(.g..#
#.#
#.####(####.#
#.# #.# #$#
#.# #.# #g# #
##.## #.# #.#
#.##...###.#
#.# #.#
#..........#
#g# #.# #..@#
#.# #.## ##T##
#.# #... #g#
#g# #### #.#
#.#
#.#########.#
#...g..g....#
#############


You could see Purgy and a goblin.

Vanquished Creatures
  An adder (D:2)
  3 dart slugs
  2 giant cockroaches (D:1)
  4 hobgoblins
  2 bats (D:1)
  A frilled lizard (D:1)
  A goblin (D:3)
  4 rats
18 creatures vanquished.

Notes
Turn   | Place    | Note
-------+----------+-------------------------------------------
     0 | D:1      | dickylongcocking the Merfolk Monk began the quest for the
                  | Orb.
     0 | D:1      | Reached XP level 1. HP: 18/18 MP: 1/1
   131 | D:1      | Reached skill level 5 in Polearms
   182 | D:1      | Reached XP level 2. HP: 24/24 MP: 2/2
  1160 | D:1      | Reached skill level 6 in Polearms
  1160 | D:1      | Reached XP level 3. HP: 29/29 MP: 3/3
  1616 | D:2      | You fall into a shaft and drop 1 floor!
  1617 | D:3      | Noticed Terence
  1625 | D:3      | Found an ancient bone altar of Kikubaaqudgha.
  1630 | D:3      | Noticed Purgy
  1655 | D:3      | HP: 1/29 [Purgy (1)]
  1700 | D:3      | Slain by Purgy

Illustrated notes

Levels and vault maps discovered:
D:1:      wander_arrival_fairy_ring, layout_basic
D:2:      layout_basic, chequers_ecumenical_altar_simple_redux,
          minmay_tromino_v4_a
D:3:      layout_loops_ring, kiku_gazebo_garden_becter, uniq_purgy, uniq_terence

Skill      XL: |  1  2 |
---------------+-------+-----
Polearms       | 5 6 |  6.2
Fighting       | |  3.2
Dodging        | |  4.0
Stealth        | |  2.1

Action                   || total
-------------------------++-------
Melee: Spear             ||    71
  Use: Scroll            ||     2
 Stab: Sleeping          ||     4
       Distracted        ||     1
Armor: Robe              ||     4
Dodge: Dodged            ||    32

Table legend: (Time is in decaauts)
 A = Elapsed time spent in this place.
 B = Non-inter-level travel time spent in this place.
 C = Inter-level travel time spent in this place.
 D = Time resting spent in this place.
 E = Time spent auto-exploring this place.
 F = Levels seen in this place.
 G = Mean time per level.
                   A        B        C        D        E       F      G
               +--------+--------+--------+--------+--------+-----+--------+
         Total |   1688 |   1670 |     18 |    527 |    895 |   3 |  562.7 |
       Dungeon |   1688 |   1670 |     18 |    527 |    895 |   3 |  562.7 |
               +--------+--------+--------+--------+--------+-----+--------+

Top non-repeatable levels by time:
     D:1: 1188 daAuts
     D:2: 417 daAuts
     D:3: 82 daAuts
